 Dungeon Crawl Stone Soup version 0.18.1-48-g4cf74bf (webtiles) character file.

5993 rlgrobin the Martial Artist (level 10, -1/74 HPs)
             Began as a Mummy Monk on Aug 22, 2016.
             Slain by a vampire (10 damage)
             ... on level 11 of the Dungeon.
             The game lasted 00:51:37 (26372 turns).

rlgrobin the Martial Artist (Mummy Monk)           Turns: 26372, Time: 00:51:38

Health: -1/74      AC:  1    Str: 24    XL:     10   Next: 55%
Magic:  10/10      EV: 16    Int:  9    God:
Gold:   438        SH: 12    Dex: 18    Spells: 0 memorised, 9 levels left

rFire  + . .     SeeInvis .       - Unarmed
rCold  + . .     Gourm    .     (no armour)
rNeg   + + +     Faith    .     e - +0 shield
rPois  ∞         Spirit   .     (no helmet)
rElec  .         Dismiss  .     (no cloak)
rCorr  .         Reflect  .     (no gloves)
SustAt .         Harm     .     j - +0 pair of boots of Life {rF++, Life of Leaf}
MR     +....                    (no amulet)
Stlth  ++........               t - +3 ring of strength
                                b - +6 ring of strength {Rink of stronk}

@: somewhat resistant to hostile enchantments, unstealthy
A: no food or potions, fire vulnerability, cold resistance 1, negative energy
resistance 3, torment resistance, unbreathing
a: no special abilities


You were on level 11 of the Dungeon.
You were not hungry.

You visited 1 branch of the dungeon, and saw 11 of its levels.

You collected 502 gold pieces.
You spent 64 gold pieces at shops.


Innate Abilities, Weirdness & Mutations

You do not eat or drink.
Your flesh is vulnerable to fire.
You are immune to poison.
Your flesh is cold resistant.
You are immune to negative energy.
You are immune to unholy pain and torment.
You can survive without breathing.


   Skills:
 - Level 5.3 Fighting
 - Level 7.9 Dodging
 - Level 1.5 Stealth
 - Level 7.0 Shields
 + Level 8.5 Unarmed Combat


You had 9 spell levels left.
You didn't know any spells.

Inventory:

Missiles
 c - 73 poisoned needles
 v - 7 curare-tipped needles {=f}
 w - 5 large rocks (quivered) {Upgrade}
Armour
 e - a +0 shield (worn)
 j - the +0 pair of boots of Life (worn) {rF++, Life of Leaf}

   It greatly protects you from fire.
 l - a +0 buckler {Threadbane}
Jewellery
 b - a +6 ring of strength (left hand) {Rink of stronk}
 n - an uncursed ring of positive energy {happy thoughts}
 r - a +3 amulet of reflection {unknown}
 t - a +3 ring of strength (right hand)
 u - an uncursed ring of resist corrosion
Scrolls
 a - 5 scrolls of teleportation {@r4}
 d - 8 scrolls of remove curse
 f - a scroll of fear
 g - 8 scrolls of noise {!r}
 h - 4 scrolls of amnesia
 k - a scroll of identify {@r1}
 m - a scroll of fog
 o - a scroll of enchant weapon
 p - a scroll of recharging
 q - a scroll of torment
 s - a scroll of blinking
Comestibles
 i - 9 fruits

Dungeon Overview and Level Annotations

Branches:
Dungeon (11/15)            Temple (0/1) D:7             Orc (0/2) D:10
   Lair: D:8-11

Altars:
Fedhas
Gozag
Kikubaaqudgha
Makhleb
Okawaru
Qazlal
Ru

Shops:
D:4 *   D:8 *

Annotations:
D:4 Filthy MiFi floor, Xelenos's ghost, amateur MiFi
D:6 bear
D:8 exclusion: door
D:9 exclusion: downstairs
D:10 the hills have clubs, exclusion: downstairs

▒.........▒ ▒
▒.........▒▒▒▒▒...▒
▒▒.....).().....(.▒
▒.......((▒▒▒▒▒▒▒▒▒
▒.........▒
▒.........▒
▒.....(...▒
▒......V..▒
▒▒....M..▒▒
▒▒...<.▒▒ ▒▒▒▒▒▒▒


You could see a vampire.


Message History

The vampire completely misses you.
You hit the vampire.
The vampire is moderately damaged.
The vampire hits you! The vampire barely misses you.
You hit the vampire.
The vampire is heavily damaged.
The vampire misses you. The vampire barely misses you.
You hit the vampire but do no damage.
The vampire is heavily damaged.
You closely miss the vampire.
The vampire is heavily damaged.
You block the vampire's attack. The vampire barely misses you.
You closely miss the vampire.
The vampire is heavily damaged.
The vampire hits you!
* * * LOW HITPOINT WARNING * * *
The vampire bites you!
* * * LOW HITPOINT WARNING * * *
You hit the vampire but do no damage.
The vampire is heavily damaged.
You block the vampire's attack. The vampire bites you!
* * * LOW HITPOINT WARNING * * *
You hit the vampire but do no damage.
The vampire is heavily damaged.
The vampire hits you!
You die...

Action                   |  1- 3 |  4- 6 |  7- 9 | 10-12 || total
-------------------------+-------+-------+-------+-------++-------
Melee: Unarmed           |   173 |   284 |   663 |   304 ||  1424
       Punch             |     3 |     8 |    22 |       ||    33
  Use: Scroll            |     6 |     5 |     3 |     3 ||    17
 Stab: Sleeping          |     8 |     5 |     4 |     1 ||    18
       Distracted        |       |       |     1 |       ||     1
Armor: Skin              |       |       |    17 |     2 ||    19
Dodge: Dodged            |   100 |   157 |   443 |   132 ||   832
Block: Shield            |       |       |    29 |   135 ||   164

Vault maps used:
D:1:      dpeg_arrival_simpleton_c
D:2:      nicolae_overflow_crystal_walls, ecumenical_altar_2, kennysheep_potato
D:3:      bloody_makhleb, first_bread
D:4:      nicolae_qazlal_style_of_elements, serial_shops, shop, uniq_edmund
D:5:      grunt_temple_overflow_growth_and_decay
D:6:      okawaru_metal_pillars_1_2
D:7:      temple_green, grunt_livestock
D:8:      serial_shops, kennysheep_mini, uniq_prince_ribbit1
D:9:      lemuel_round_altar, minmay_holes
D:10:     minmay_orc_entry_temple_small, grunt_gozag_statues
D:11:     lair_0_dummy, basic_altar

Notes
Turn   | Place    | Note
--------------------------------------------------------------
     0 | D:1      | rlgrobin the Mummy Monk began the quest for the Orb.
     0 | D:1      | Reached XP level 1. HP: 18/18 MP: 1/1
   505 | D:1      | Reached XP level 2. HP: 17/24 MP: 2/2
  1122 | D:1      | Reached skill level 4 in Unarmed Combat
  1164 | D:2      | Found a faded altar to an unknown god.
  1395 | D:2      | Reached XP level 3. HP: 29/29 MP: 3/3
  1823 | D:2      | HP: 2/29 [bat (1)]
  3324 | D:2      | Reached XP level 4. HP: 27/35 MP: 4/4
  3730 | D:2      | Noticed an ogre
  3734 | D:2      | >D2 ogre
  3735 | D:2      | >not even 4000 turns
  4028 | D:3      | Found a burning altar of Makhleb.
  4532 | D:3      | Reached skill level 5 in Unarmed Combat
  5139 | D:2      | Found a sacrificial altar of Ru.
  5765 | D:4      | Reached skill level 3 in Dodging
  5765 | D:4      | Reached XP level 5. HP: 34/41 MP: 5/5
  5838 | D:4      | Found Mino's Assorted Antiques.
  5948 | D:4      | Bought a scroll labeled OMPIBR UBRALE for 32 gold pieces
  5948 | D:4      | Bought a scroll labeled ZAXTYNO TITT for 32 gold pieces
  6256 | D:4      | Found a stormy altar of Qazlal.
  6257 | D:4      | Noticed an air elemental
  6271 | D:4      | Noticed Xelenos's ghost (amateur MiFi)
  6439 | D:3      | HP: 3/41 [orc/flail (11)]
  6823 | D:4      | Reached skill level 4 in Dodging
  7269 | D:4      | Noticed a water elemental
  7270 | D:4      | Noticed a fire elemental
  7396 | D:4      | Noticed Edmund
  7891 | D:4      | ioh no
  7901 | D:4      | Reached XP level 6. HP: 36/47 MP: 6/6
  8256 | D:5      | Entered Level 5 of the Dungeon
  9091 | D:5      | Found a blossoming altar of Fedhas.
  9099 | D:5      | Reached XP level 7. HP: 52/52 MP: 7/7
  9144 | D:5      | Found an ancient bone altar of Kikubaaqudgha.
  9672 | D:5      | oh
 10407 | D:4      | Reached skill level 6 in Unarmed Combat
 10551 | D:4      | Reached skill level 5 in Dodging
 11223 | D:2      | Found a sacrificial altar of Ru.
 11712 | D:2      | Found a faded altar to an unknown god.
 12860 | D:3      | Killed Edmund
 13165 | D:3      | Found a burning altar of Makhleb.
 13479 | D:5      | Reached skill level 6 in Dodging
 13664 | D:5      | Reached XP level 8. HP: 21/60 MP: 8/8
 14568 | D:6      | Reached skill level 4 in Fighting
 15033 | D:6      | Found an iron altar of Okawaru.
 15039 | D:6      | Got a pair of heavily runed boots
 15045 | D:6      | Identified the +0 pair of boots of Life {rF++} (You acquired it on level 6 of the Dungeon)
 15663 | D:7      | Reached skill level 7 in Unarmed Combat
 15816 | D:6      | HP: 4/60 [something (6)]
 16674 | D:7      | Reached skill level 7 in Dodging
 17342 | D:7      | Reached XP level 9. HP: 42/66 MP: 9/9
 17623 | D:7      | Found a staircase to the Ecumenical Temple.
 17744 | D:7      | Reached skill level 5 in Fighting
 18300 | D:8      | TRAPS
 18300 | D:8      | AND DOORS
 18312 | D:8      | Noticed Prince Ribbit
 19469 | D:6      | Reached skill level 8 in Unarmed Combat
 19494 | D:8      | hm
 19738 | D:8      | Found Gudiss's General Store.
 20097 | D:7      | Reached skill level 1 in Shields
 20322 | D:8      | HP: 4/68 [wyvern (9)]
 20323 | D:8      | beb
 20324 | D:8      | Reached skill level 2 in Shields
 20325 | D:8      | UNBEB
 20720 | D:8      | Reached skill level 3 in Shields
 21135 | D:9      | Reached skill level 4 in Shields
 21893 | D:9      | Found an opulent altar of Gozag.
 21911 | D:9      | Reached XP level 10. HP: 74/74 MP: 10/10
 22315 | D:10     | Entered Level 10 of the Dungeon
 22413 | D:10     | Noticed a hill giant
 22420 | D:10     | Noticed a hill giant
 22422 | D:10     | this is fine
 22593 | D:10     | Found an opulent altar of Gozag.
 22675 | D:10     | Reached skill level 5 in Shields
 23776 | D:10     | Found a staircase to the Orcish Mines.
 24178 | D:10     | HP: 4/74 [wyvern (7)]
 24179 | D:10     | superbeb
 24633 | D:9      | Reached skill level 6 in Shields
 25818 | D:8      | Killed Prince Ribbit
 25868 | D:8      | Reached skill level 7 in Shields
 26372 | D:11     | Slain by a vampire

Vanquished Creatures
  Prince Ribbit (D:8)
  2 wyverns
  2 hungry ghosts
  2 hippogriffs
  A steam dragon (D:7)
  A human (D:7)
  Edmund (D:3)
  3 orc warriors
  3 sky beasts
  2 eyes of draining
  A black bear (D:6)
  A necrophage (D:10)
  A phantom (D:9)
  4 centaurs
  5 ogres
  5 big kobolds
  A giant frog (D:5)
  5 scorpions
  A wyvern skeleton (D:8)
  13 wights
  5 howler monkeys
  8 crimson imps
  A giant frog zombie (D:5)
  4 hounds
  A centaur zombie (D:7)
  4 jellies
  3 orc priests
  A giant frog skeleton (D:8)
  5 iguanas
  2 orc wizards (D:7)
  3 worker ants
  4 sheep (D:7)
  2 hound zombies
  3 hound skeletons
  10 adders
  3 shadow imps
  2 oozes
  An adder zombie (D:9)
  2 adder skeletons
  7 worms
  3 dart slugs
  7 giant geckos
  30 orcs
  13 bats
  11 giant cockroaches
  11 hobgoblins
  15 jackals
  8 quokkas
  A ball python (D:5)
  7 giant newts
  13 goblins
  A jackal skeleton (D:5)
  31 kobolds
  13 rats
290 creatures vanquished.
